Map: Overgrowth LE (Void)

Players

fropez

  • Race: Protoss Protoss
  • League: Gold
  • Spawn Location: 1:00

Milkman - Winner!

  • Race: Protoss Protoss
  • League: Platinum
  • Spawn Location: 7:00

VOD

Have the link to the VOD?

Description

Time

  • Played on: Dec. 14, 2016, 5:29 p.m.
  • Length: 8:08
Show
View Real Time Build Order
Export as new Build Order

fropez Protoss 

Build Orders: 1 Gate Expand 

Get SALT Encoding   

  12  0:01  Probe (Chrono Boost)  
  13  0:11  Probe (Chrono Boost)  
  14  0:18  Pylon  
  14  0:22  Probe (Chrono Boost)  
  15  0:37  Probe (Chrono Boost)  
  15  0:38  Gateway  
  16  0:47  Probe (Chrono Boost)  
  17  0:51  Assimilator  
  17  0:58  Probe (Chrono Boost)  
  18  1:09  Assimilator  
  17  1:20  Nexus  
  17  1:24  Probe (Chrono Boost)  
  18  1:36  Cybernetics Core  
  18  1:38  Probe (Chrono Boost)  
  19  1:47  Assimilator  
  19  1:53  Probe (Chrono Boost)  
  20  2:05  Pylon, Probe (Chrono Boost)  
  21  2:10  Warp Gate  
  21  2:16  Mothership Core (Chrono Boost)  
  23  2:33  Probe (Chrono Boost), Stalker  
  23  2:36  Probe (Chrono Boost)  
  27  2:45  Gateway  
  27  2:46  Probe (Chrono Boost)  
  27  2:50  Pylon  
  28  2:56  Probe (Chrono Boost)  
  29  3:00  Probe (Chrono Boost)  
  29  3:03  Stalker  
  31  3:20  Probe x2 (Chrono Boost)  
  26  3:27  Assimilator  
  26  3:32  Probe x2 (Chrono Boost)  
  26  3:33  Stalker  
  26  3:46  Probe (Chrono Boost)  
  27  3:49  Probe (Chrono Boost)  
  25  3:58  Probe (Chrono Boost)  
  26  4:11  Robotics Facility  
  26  4:15  Probe (Chrono Boost)  
  28  4:18  Probe (Chrono Boost)  
  28  4:27  Probe (Chrono Boost)  
  28  4:30  Probe (Chrono Boost)  
  31  4:39  Probe (Chrono Boost)  
  31  4:42  Probe (Chrono Boost)  
  32  4:49  Stalker  
  32  4:51  Probe (Chrono Boost)  
  35  4:54  Probe (Chrono Boost)  
  36  5:00  Pylon  
  36  5:03  Probe (Chrono Boost)  
  36  5:06  Pylon  
  36  5:07  Observer, Probe (Chrono Boost)  
  40  5:15  Probe (Chrono Boost)  
  40  5:19  Probe (Chrono Boost)  
  41  5:21  Stalker  
  41  5:26  Observer  
  41  5:28  Stalker  
  46  5:41  Probe x2 (Chrono Boost)  
  48  5:44  Assimilator  
  48  5:53  Adept, Probe (Chrono Boost)  
  48  5:54  Probe (Chrono Boost)  
  48  5:55  Adept  
  55  6:06  Probe x2 (Chrono Boost)  
  55  6:09  Twilight Council  
  56  6:14  Stalker  
  57  6:19  Observer  
  57  6:22  Pylon  
  58  6:26  Pylon  
  58  6:27  Stalker  
  58  6:44  Stalker  
  62  6:47  Probe (Chrono Boost)  
  62  6:48  Probe (Chrono Boost)  
  62  6:54  Adept  
  62  7:19  Pylon  
  62  7:21  Probe (Chrono Boost)  
  62  7:22  Probe (Chrono Boost)  
  60  7:24  Stalker x2  
  48  7:49  Stalker x2  
Show
View Real Time Build Order
Export as new Build Order

Milkman Protoss - Winner!

Build Orders:  

Get SALT Encoding   

  12  0:01  Probe (Chrono Boost)  
  13  0:11  Probe (Chrono Boost)  
  14  0:26  Pylon  
  14  0:27  Probe (Chrono Boost)  
  15  0:31  Assimilator  
  15  0:45  Probe (Chrono Boost)  
  15  0:46  Gateway  
  16  0:51  Assimilator  
  16  0:55  Probe (Chrono Boost)  
  17  1:06  Probe (Chrono Boost)  
  18  1:16  Probe (Chrono Boost)  
  19  1:20  Gateway  
  19  1:27  Probe (Chrono Boost)  
  20  1:33  Cybernetics Core  
  20  1:37  Probe (Chrono Boost)  
  20  1:39  Pylon  
  21  1:48  Probe (Chrono Boost)  
  22  1:58  Warp Gate  
  22  2:02  Probe (Chrono Boost)  
  23  2:09  Adept x2  
  23  2:15  Mothership Core (Chrono Boost)  
  29  2:28  Pylon  
  29  2:45  Nexus  
  29  2:50  Pylon  
  27  3:53  Gateway  
  25  3:56  Gateway  
  25  3:57  Gateway  
  25  3:58  Probe (Chrono Boost)  
  25  4:00  Robotics Facility  
  26  4:07  Stalker x2  
  26  4:08  Probe (Chrono Boost)  
  31  4:15  Probe (Chrono Boost)  
  32  4:19  Probe (Chrono Boost)  
  32  4:21  Forge  
  33  4:27  Probe (Chrono Boost)  
  33  4:29  Probe (Chrono Boost)  
  35  4:31  Stalker  
  38  4:39  Probe (Chrono Boost)  
  38  4:40  Pylon, Probe (Chrono Boost)  
  39  4:48  Immortal  
  39  4:50  Probe (Chrono Boost)  
  44  4:55  Probe (Chrono Boost)  
  44  4:59  Photon Cannon  
  45  5:01  Probe (Chrono Boost)  
  47  5:07  Probe (Chrono Boost)  
  47  5:15  Stalker  
  47  5:16  Stalker  
  47  5:17  Photon Cannon  
  51  5:24  Gateway  
  51  5:28  Observer  
  52  5:46  Probe (Chrono Boost)  
  53  5:50  Stalker x4  
  53  5:53  Immortal  
  53  5:55  Pylon  
  62  5:57  Probe (Chrono Boost)  
  62  6:01  Protoss Ground Weapons Level 1  
  66  6:07  Probe (Chrono Boost)  
  67  6:23  Stalker x2  
  67  6:24  Stalker x3  
  76  6:48  Stalker  
  78  6:57  Pylon  
  78  6:58  Assimilator  
  78  7:02  Assimilator  
Tags
 
Matchup
PvP
Replay Pack
All Mines
Spawn Locations
Cross Positions
Add a new tag
Caveats
  • Supply blocks, unpowered buildings, or Contaminate may cause inaccurate times.
  • Supply counts are checked every 10 seconds.